[Event "Titled Tuesday Blitz August 09 Early 2022"]
[White "Fernandez Siles, Luis"]
[Black "Gheorghiu, Calin"]
[WhiteFideId "2209420"]
[BlackFideId "1200305"]
[WhiteElo "2211"]
[BlackElo "2168"]
[Result "0-1"]
[Round "09"]
[TimeControl "180+1"]
[Date "2022.08.09"]
[WhiteClock "0:00:08"]
[BlackClock "0:00:20"]

1. e4 c5 2. Nf3 d6 3. Bb5+ Nd7 4. O-O a6 5. Bd3 Ngf6 6. c3 e5 7. Bc2 Be7 8. d4 O-O 9. Re1 b5 10. Nbd2 Re8 11. Nf1 cxd4 12. cxd4 exd4 13. Nxd4 Bb7 14. Ng3 Bf8 15. Ndf5 Rc8 16. Bf4 Ne5 17. Bb3 Qd7 18. Qd4 Nxe4 19. Nh6+ gxh6 20. Nxe4 Bg7 21. Qxd6 Bxe4 22. Bxe5 Qxd6 23. Bxd6 Bxb2 24. Rad1 Bg6 25. Re3 Rxe3 26. fxe3 Bc2 27. Rd2 Bxb3 28. Rxb2 Rc1+ 29. Kf2 Rc3 30. Be5 Rc2+ 31. Rxc2 Bxc2 32. Ke2 Be4 33. a3 Bxg2 34. Kd3 Kf8 35. Kd4 Ke7 36. Kc5 Bb7 37. Kb6 Bc8 38. Kc7 Be6 39. Kb6 Bc4 40. Bc3 Ke6 41. Bb4 Kd5 42. Kxa6 Ke4 43. Kb6 Kxe3 44. Kc5 f5 45. a4 bxa4 46. Kxc4 f4 47. Bc5+ Ke2 0-1


[Site "https://www.chess.com"]

[Event "Titled Tuesday Blitz August 09 Early 2022"]
[White "Ferreira, Vitor Hugo Vieira"]
[Black "Rangel, Daniel"]
[WhiteFideId "2119765"]
[BlackFideId "2124475"]
[WhiteElo "2168"]
[BlackElo "2225"]
[Result "1-0"]
[Round "09"]
[TimeControl "180+1"]
[Date "2022.08.09"]
[WhiteClock "0:02:14"]
[BlackClock "0:00:27"]

1. d4 Nf6 2. c4 g6 3. Nc3 Bg7 4. e4 O-O 5. f3 c6 6. Be3 d5 7. e5 Ne8 8. f4 Nc7 9. Nf3 dxc4 10. Bxc4 Nd7 11. O-O Nb6 12. Bb3 Ncd5 13. Bd2 Bg4 14. h3 Bxf3 15. Qxf3 e6 16. Ne4 a5 17. a3 a4 18. Ba2 Nc8 19. Kh1 Nce7 20. Rad1 Nf5 21. Bc1 h5 22. g4 hxg4 23. hxg4 Nh4 24. Qh3 f5 25. Ng5 Nxf4 26. Qxh4 Qd5+ 27. Bxd5 1-0


[Site "https://www.chess.com"]

[Event "Titled Tuesday Blitz August 09 Early 2022"]
[White "Fiorito, Joaquin"]
[Black "Thiel, Thomas"]
[WhiteFideId "180173"]
[BlackFideId "4615964"]
[WhiteElo "1758"]
[BlackElo "2246"]
[Result "1-0"]
[Round "09"]
[TimeControl "180+1"]
[Date "2022.08.09"]
[WhiteClock "0:00:37"]
[BlackClock "0:00:01"]

1. e4 d5 2. exd5 Nf6 3. Bb5+ Nbd7 4. Nc3 a6 5. Bc4 b5 6. Bb3 Nc5 7. Nf3 Bb7 8. O-O Nxb3 9. axb3 Nxd5 10. Nxd5 Qxd5 11. Qe2 e6 12. d3 Be7 13. Bf4 c5 14. Rfd1 Qf5 15. Qe3 O-O 16. Bg3 Bxf3 17. Qxf3 Qxf3 18. gxf3 Rfd8 19. Ra2 Bf6 20. Rda1 b4 21. Rxa6 Rxa6 22. Rxa6 Bxb2 23. Rc6 Bd4 24. Bd6 Ra8 25. Bxc5 Bc3 26. Kg2 h6 27. Rb6 Ra2 28. Rc6 Kh7 29. Bd6 Kg6 30. Rc4 f5 31. Bxb4 Bxb4 32. Rxb4 Rxc2 33. Rc4 Rb2 34. b4 Rb3 35. d4 Kf6 36. Kg3 g5 37. Kg2 Ke7 38. Rc7+ Kd6 39. Rb7 Kd5 40. Rd7+ Kc6 41. Rh7 Rxb4 42. Rxh6 Kd5 43. Rg6 Kxd4 44. Rxg5 Ke5 45. Rg8 Kf4 46. Rh8 Rb6 47. h4 e5 48. h5 Kg5 49. Re8 Rh6 50. Rxe5 Kf4 51. Ra5 Rxh5 52. Ra4+ Kg5 53. f4+ Kg4 54. f3+ Kh4 55. Ra1 1-0


[Site "https://www.chess.com"]

[Event "Titled Tuesday Blitz August 09 Early 2022"]
[White "Floresvillar Gonzalez, Luis Migu"]
[Black "Ezov"]
[WhiteFideId "5100542"]
[WhiteElo "2040"]
[BlackElo "2305"]
[Result "1/2-1/2"]
[Round "09"]
[TimeControl "180+1"]
[Date "2022.08.09"]
[WhiteClock "0:01:32"]
[BlackClock "0:01:38"]

1. d4 Nf6 2. c3 g6 3. Bg5 Ne4 4. h4 Bg7 5. Nd2 Nxg5 6. hxg5 c5 7. e3 d5 8. f4 Nc6 9. Ngf3 Bf5 10. Qb3 Qb6 11. dxc5 Qxc5 12. Nd4 Nxd4 13. exd4 Qc7 14. Bb5+ Kf8 15. g3 a6 16. Be2 Rd8 17. Nf3 Be4 18. Kf2 h5 19. gxh6 Rxh6 20. Rxh6 Bxh6 21. Rh1 Kg7 22. Rh2 Bxf4 23. gxf4 Qxf4 24. Rh4 Qf6 25. Rh2 Qf4 26. Rh4 Qf6 27. Rh2 Qf4 1/2-1/2


[Site "https://www.chess.com"]

[Event "Titled Tuesday Blitz August 09 Early 2022"]
[White "Garrido, Denis"]
[Black "Lehtosaari, Mauri"]
[WhiteFideId "601217"]
[BlackFideId "501999"]
[WhiteElo "2349"]
[BlackElo "2490"]
[Result "1/2-1/2"]
[Round "09"]
[TimeControl "180+1"]
[Date "2022.08.09"]
[WhiteClock "0:00:11"]
[BlackClock "0:00:06"]

1. e4 d5 2. exd5 Qxd5 3. Nc3 Qe5+ 4. Be2 c6 5. Nf3 Qc7 6. d4 Bf5 7. O-O e6 8. Re1 Bd6 9. d5 Ne7 10. dxe6 Bxe6 11. h3 O-O 12. Nd4 Bc8 13. Kh1 a6 14. Bd3 Ng6 15. Qh5 Nd7 16. Nf5 Nf6 17. Qg5 Bxf5 18. Qxf5 Rfe8 19. Bg5 Nd7 20. h4 Ndf8 21. h5 Ne5 22. h6 Nxd3 23. cxd3 Qd7 24. Qf3 Ne6 25. Qg4 Nc5 26. Qxd7 Nxd7 27. Ne4 Be5 28. hxg7 Kxg7 29. Re3 f6 30. Bh4 f5 31. Ng5 h6 32. Nf3 Bf6 33. Rae1 Rxe3 34. Rxe3 Kf7 35. Bxf6 Kxf6 36. Nd4 Nc5 37. b4 Na4 38. Re6+ Kf7 39. Rxh6 f4 40. Rh7+ Kf6 41. Rxb7 c5 42. bxc5 Nxc5 43. Rb6+ Ke5 44. Nf3+ Kd5 45. Rf6 Nxd3 46. Kg1 Rb8 47. Kh2 Rh8+ 48. Kg1 Rb8 49. Rh6 Rb1+ 50. Kh2 Rb2 51. Rh5+ Ke4 52. Ra5 Nxf2 53. Rxa6 Ng4+ 54. Kh3 Ne3 55. Ra4+ Kf5 56. Nd4+ Kg5 57. Ra5+ Kg6 58. g3 fxg3 59. Kxg3 Nc4 60. Rc5 Nd2 61. Kf4 Rxa2 62. Rc6+ Kf7 63. Nb5 Ra4+ 64. Ke5 Ra5 65. Rc5 Nb3 66. Kd5 Nxc5 67. Kxc5 Ra4 68. Nd4 Ke7 69. Nc6+ Ke6 70. Nd4+ Ke5 71. Nc6+ Ke4 72. Ne7 Ra1 73. Nc6 Rc1+ 74. Kd6 Rc2 75. Ne7 Rd2+ 76. Ke6 Ra2 77. Kd6 Ra6+ 78. Nc6 Kd3 79. Kd5 Ra8 80. Nb4+ Kc3 81. Nc6 Rc8 82. Ne7 Re8 83. Nc6 Kd3 84. Ne5+ Ke3 85. Nc6 Kf4 86. Nd4 Rd8+ 87. Kc4 Ke4 88. Nc6 Rc8 89. Kc5 Kf5 90. Kd6 Kf6 91. Nd4 Rd8+ 92. Kc5 Ke5 93. Nc6+ Ke6 94. Nxd8+ 1/2-1/2


[Site "https://www.chess.com"]

[Event "Titled Tuesday Blitz August 09 Early 2022"]
[White "Gatterer, Florian"]
[Black "Daeschler, Florian"]
[WhiteFideId "811688"]
[BlackFideId "20678193"]
[WhiteElo "2218"]
[BlackElo "2187"]
[Result "1/2-1/2"]
[Round "09"]
[TimeControl "180+1"]
[Date "2022.08.09"]
[WhiteClock "0:00:05"]
[BlackClock "0:00:38"]

1. c4 b6 2. Nf3 Bb7 3. e3 c5 4. Be2 Nf6 5. O-O e6 6. b3 d5 7. cxd5 Bxd5 8. Bb2 Be7 9. Nc3 Bb7 10. d4 O-O 11. dxc5 Bxc5 12. Qxd8 Rxd8 13. Rfd1 Nc6 14. a3 Be7 15. Rxd8+ Rxd8 16. Rd1 Rxd1+ 17. Bxd1 Na5 18. Nd2 Nd5 19. b4 Nxc3 20. Bxc3 Nc6 21. Bf3 Kf8 22. Nc4 f6 23. b5 Nd8 24. Bxb7 Nxb7 25. a4 Ke8 26. a5 bxa5 27. Bxa5 Kd7 28. Bc3 Nd6 29. Nxd6 Bxd6 30. Bd4 Bb8 31. Bc5 Kc8 32. h3 Kb7 33. Kf1 Bc7 34. Ke2 Bb6 35. Bd6 Bd8 36. Bc5 Bb6 37. Bd6 Kc8 38. Kd3 Kd7 39. Bf8 g6 40. f3 e5 41. e4 Ke6 42. Kc4 Kd7 43. Bb4 Bd4 44. Bf8 Be3 45. Kd5 Bd4 46. Bb4 1/2-1/2


[Site "https://www.chess.com"]

[Event "Titled Tuesday Blitz August 09 Early 2022"]
[White "Ginzburg, Yakov"]
[Black "Ziatdinov, Raset"]
[WhiteFideId "4157176"]
[BlackFideId "2015323"]
[WhiteElo "2265"]
[BlackElo "2220"]
[Result "1-0"]
[Round "09"]
[TimeControl "180+1"]
[Date "2022.08.09"]
[WhiteClock "0:00:25"]
[BlackClock "0:00:52"]

1. e4 e6 2. d4 d5 3. e5 c5 4. Qg4 cxd4 5. Bd3 f5 6. Qg3 g6 7. h4 Bg7 8. h5 Ne7 9. Bg5 Nbc6 10. Bf6 Rg8 11. hxg6 hxg6 12. Rh7 Kf7 13. Qh4 Qf8 14. Nf3 Ke8 15. Na3 a6 16. Nxd4 Nxd4 17. Qxd4 Nc6 18. Qc3 Bxf6 19. exf6 e5 20. f7+ Qxf7 21. Rxf7 Kxf7 22. Qb3 Rd8 23. c4 Nd4 24. Qc3 Be6 25. cxd5 Bxd5 26. Nc4 Kf6 27. f4 Rac8 28. fxe5+ Ke6 29. Qxd4 Bxc4 30. Bxc4+ Ke7 31. Qh4+ Ke8 32. Qh8+ Ke7 33. Qf6+ Ke8 34. Qf7# 1-0


[Site "https://www.chess.com"]

[Event "Titled Tuesday Blitz August 09 Early 2022"]
[White "Goldin, Roman"]
[Black "Shuvalov, Evgenij"]
[WhiteFideId "2803860"]
[BlackFideId "4187237"]
[WhiteElo "2312"]
[BlackElo "2058"]
[Result "0-1"]
[Round "09"]
[TimeControl "180+1"]
[Date "2022.08.09"]
[WhiteClock "0:00:04"]
[BlackClock "0:00:56"]

1. e4 e6 2. d4 d5 3. Nd2 c5 4. Ngf3 Nc6 5. exd5 exd5 6. g3 cxd4 7. Bg2 Qe7+ 8. Kf1 Nf6 9. Nb3 Bg4 10. h3 Bh5 11. Kg1 Qc7 12. Bf4 Qb6 13. Kh2 Be7 14. g4 Bg6 15. Nfxd4 O-O 16. c3 Ne4 17. f3 Bd6 18. Bxd6 Nxd6 19. Qd2 Nc4 20. Qf2 N6e5 21. Rad1 Nd3 22. Qg3 Ndxb2 23. Rde1 Nd3 24. Re2 Qf6 25. f4 Qxf4 26. Qxf4 Nxf4 27. Re7 Nxg2 28. Kxg2 Be4+ 29. Kh2 Bxh1 30. Kxh1 b6 31. Nb5 Rfe8 32. Rd7 Red8 33. Re7 Kf8 34. Rc7 a6 35. N5d4 Rac8 36. Rb7 Re8 37. Kg2 Re3 38. Nf5 Rxc3 39. Nbd4 Ne3+ 40. Nxe3 Rxe3 41. Nf5 Ra3 42. Nd6 Rc2+ 43. Kf1 Raxa2 0-1


[Site "https://www.chess.com"]

[Event "Titled Tuesday Blitz August 09 Early 2022"]
[White "Graham, Nathaniel"]
[Black "Broca Jimenez, Fernando"]
[WhiteFideId "2007983"]
[BlackFideId "5104742"]
[WhiteElo "2288"]
[BlackElo "2062"]
[Result "1/2-1/2"]
[Round "09"]
[TimeControl "180+1"]
[Date "2022.08.09"]
[WhiteClock "0:00:14"]
[BlackClock "0:00:19"]

1. e4 c5 2. Nf3 g6 3. d4 cxd4 4. Nxd4 Nc6 5. Be2 Nf6 6. Nb3 Nxe4 7. O-O Bg7 8. c4 d6 9. Bf3 Nf6 10. Nc3 O-O 11. Re1 Ne5 12. Be2 Be6 13. Nd5 Rc8 14. Bg5 Nxc4 15. Bxf6 exf6 16. Nf4 Nxb2 17. Nxe6 fxe6 18. Qd2 Na4 19. Bb5 Nc5 20. Rad1 a6 21. Nxc5 dxc5 22. Bc4 Qxd2 23. Bxe6+ Kh8 24. Rxd2 Rce8 25. Rde2 Re7 26. Bd5 Rxe2 27. Rxe2 b5 28. g3 f5 29. Re6 Rf6 30. Rxf6 Bxf6 31. Bb7 a5 32. Ba6 b4 33. Bc4 Bd4 34. Kf1 Kg7 35. Ke2 Kf6 36. f3 Ke5 37. Kd3 g5 38. h3 h5 39. g4 fxg4 40. fxg4 hxg4 41. hxg4 Bf2 42. Kc2 a4 43. Bb5 Kd4 44. Bxa4 c4 45. Bd7 Be3 46. Be6 Bf4 47. Kb1 Kc3 48. Bf7 Be5 49. Be6 Kd3 50. Bd7 c3 51. Bf5+ Kd2 52. Bc2 Bd4 53. Bf5 Bc5 54. Bc2 Ke3 55. Bb3 Bd4 56. Be6 Bf6 57. Bf5 Kd2 58. Bc2 Ke3 59. Bf5 Kd4 60. Kc2 Kc4 61. Be6+ Kd4 62. Bb3 Be7 63. Be6 Ke3 64. Bf5 Kf2 65. Be6 Kg3 66. Bf5 Kf4 67. Be6 Ke4 68. Bd7 Ke5 69. Bf5 Kd4 70. Bc8 Kc5 71. Bf5 Bf6 72. Be6 Kb5 73. Bf5 Ka4 74. Be6 Ka3 75. Bb3 Be5 76. Be6 Bf4 77. Bf7 b3+ 78. Bxb3 Kb4 79. Be6 1/2-1/2


[Site "https://www.chess.com"]

[Event "Titled Tuesday Blitz August 09 Early 2022"]
[White "Hambleton, Aman"]
[Black "Aldokhin, Ivan"]
[WhiteFideId "2606577"]
[BlackFideId "24115720"]
[WhiteElo "2538"]
[BlackElo "2246"]
[Result "1-0"]
[Round "09"]
[TimeControl "180+1"]
[Date "2022.08.09"]
[WhiteClock "0:00:10"]
[BlackClock "0:00:03"]

1. d4 Nf6 2. Bf4 g6 3. Nc3 d6 4. e4 Bg7 5. Qd2 h6 6. f3 Nc6 7. O-O-O e6 8. Nge2 Bd7 9. Be3 Qe7 10. Kb1 a6 11. Nc1 b5 12. a3 Rb8 13. Nb3 h5 14. Bg5 Qf8 15. e5 Nh7 16. exd6 Nxg5 17. dxc7 Rc8 18. Qxg5 Qe7 19. Qf4 O-O 20. d5 exd5 21. Nxd5 Qe5 22. Qxe5 Nxe5 23. Ne7+ Kh7 24. Nxc8 Rxc8 25. f4 Rxc7 26. fxe5 Bg4 27. Re1 Bh6 28. h3 Be6 29. Nd4 Bd5 30. Bd3 Bf4 31. Rhf1 Bg3 32. Re2 Bh4 33. e6 f5 34. Nxf5 gxf5 35. Rxf5 Kh6 36. Rxd5 Be7 37. Rd7 1-0


[Site "https://www.chess.com"]

[Event "Titled Tuesday Blitz August 09 Early 2022"]
[White "Horcajuelo Rocamora, Martin"]
[Black "Begunov, Konstantin"]
[WhiteFideId "24573027"]
[BlackFideId "4118510"]
[WhiteElo "1882"]
[BlackElo "2262"]
[Result "0-1"]
[Round "09"]
[TimeControl "180+1"]
[Date "2022.08.09"]
[WhiteClock "0:01:06"]
[BlackClock "0:00:16"]

1. e4 c5 2. Nf3 d6 3. d4 cxd4 4. Nxd4 Nf6 5. Nc3 a6 6. Be3 Ng4 7. Bc1 Nc6 8. f3 Qb6 9. fxg4 Qxd4 10. h3 Qxd1+ 11. Kxd1 e6 12. Be3 b5 13. Bd3 Bb7 14. Ke2 g6 15. Rhd1 Bg7 16. Rab1 Ke7 17. Kf2 Rac8 18. Ne2 h5 19. gxh5 Rxh5 20. c3 Ne5 21. Bc2 Nc4 22. Nf4 Nxe3 23. Kxe3 Bh6 24. Kf3 Re5 25. Rd4 g5 26. Nd3 Rxe4 27. Rxe4 f5 28. Nf2 Rf8 29. Ke2 fxe4 30. Nxe4 Rf4 31. Rf1 Rxe4+ 32. Bxe4 Bxe4 33. Rf2 d5 34. Ke3 g4+ 35. Kd4 g3 36. Re2 Kd6 37. c4 e5+ 38. Kc3 bxc4 39. h4 Bd3 40. Re1 d4+ 41. Kb4 Kd5 42. Rd1 e4 43. Ka5 e3 0-1


[Site "https://www.chess.com"]

[Event "Titled Tuesday Blitz August 09 Early 2022"]
[White "Hua, Lefong"]
[Black "Reprintsev, Alexander"]
[WhiteFideId "2602253"]
[BlackFideId "14100541"]
[WhiteElo "2600"]
[BlackElo "2108"]
[Result "1/2-1/2"]
[Round "09"]
[TimeControl "180+1"]
[Date "2022.08.09"]
[WhiteClock "0:00:05"]
[BlackClock "0:00:11"]

1. d4 d5 2. c4 e5 3. e3 exd4 4. Qxd4 Nc6 5. Qxd5 Qxd5 6. cxd5 Nb4 7. Na3 Nxd5 8. Bc4 Nb6 9. Bb3 Bxa3 10. bxa3 Be6 11. Bb2 Nf6 12. Rc1 O-O-O 13. Bd4 Nfd7 14. Nf3 Bxb3 15. axb3 f6 16. Ke2 Rhe8 17. Rc2 Ne5 18. Rhc1 c6 19. Bxe5 fxe5 20. Ng5 h6 21. Ne4 Nd5 22. b4 Kb8 23. Rb2 a6 24. a4 Nf6 25. Nc5 Nd7 26. b5 Nxc5 27. Rxc5 cxb5 28. axb5 Re6 29. bxa6 Rxa6 30. Rxe5 Rd7 31. Reb5 Ka7 32. e4 b6 33. h4 Rb7 34. h5 Ra3 35. f3 Ka6 36. Kf2 Rd3 37. R5b3 Rxb3 38. Rxb3 b5 39. Ke3 b4 40. e5 Kb5 41. Kd4 Rd7+ 42. Ke4 Kc4 43. Rb1 b3 44. e6 Rd2 45. Re1 b2 46. Kf5 Rxg2 47. f4 Re2 48. Rb1 Kb3 49. Kg6 Rxe6+ 50. Kxg7 Kc2 51. Rxb2+ Kxb2 52. f5 Re2 53. f6 Rg2+ 54. Kxh6 Rf2 55. Kg7 Rg2+ 56. Kf7 Rh2 57. Kg6 Rg2+ 58. Kf5 Rf2+ 59. Kg5 Rg2+ 60. Kh6 Rf2 61. Kg7 Rg2+ 62. Kf7 Rh2 63. Ke6 Rxh5 64. f7 Rh8 65. Ke7 Kc3 66. f8=Q Rxf8 67. Kxf8 1/2-1/2


[Site "https://www.chess.com"]

[Event "Titled Tuesday Blitz August 09 Early 2022"]
[White "Ianov, Viktor"]
[Black "Samarth, J Rao"]
[WhiteFideId "14102730"]
[BlackFideId "46652370"]
[WhiteElo "2152"]
[BlackElo "1514"]
[Result "1-0"]
[Round "09"]
[TimeControl "180+1"]
[Date "2022.08.09"]
[WhiteClock "0:00:19"]
[BlackClock "0:00:02"]

1. Nf3 Nf6 2. g3 g6 3. b3 Bg7 4. Bb2 O-O 5. Bg2 d5 6. c4 dxc4 7. bxc4 c5 8. O-O Nc6 9. Ne5 Nxe5 10. Bxe5 Nd7 11. Bxg7 Kxg7 12. Nc3 Rb8 13. Rb1 b6 14. Qa4 a5 15. d3 Ne5 16. Rb2 Bd7 17. Qc2 Nc6 18. Bxc6 Bxc6 19. Rfb1 Qc7 20. Na4 Bxa4 21. Qxa4 Rfd8 22. Qa3 Rd6 23. Rb3 Rbd8 24. Qb2+ f6 25. Rxb6 Rd4 26. Re6 Qd7 27. Qb6 Kf7 28. Rc6 Qg4 29. Rb2 h5 30. Qxc5 h4 31. Rc7 R8d7 32. Rxd7 Rxd7 33. Qe3 h3 34. f3 Qf5 35. Rb5 e5 36. Rxa5 Rb7 37. Ra7 Qd7 38. Rxb7 Qxb7 39. Qc1 Qa7+ 40. c5 Qxa2 41. Kf2 Qa7 42. g4 f5 43. gxf5 gxf5 44. Kg3 Kf6 45. Qh6+ Kf7 46. Qh7+ 1-0


[Site "https://www.chess.com"]

[Event "Titled Tuesday Blitz August 09 Early 2022"]
[White "Ismayil, Malak"]
[Black "Large, Peter G"]
[WhiteFideId "13412604"]
[BlackFideId "400866"]
[WhiteElo "1879"]
[BlackElo "2064"]
[Result "1-0"]
[Round "09"]
[TimeControl "180+1"]
[Date "2022.08.09"]
[WhiteClock "0:00:05"]
[BlackClock "0:00:02"]

1. e4 e5 2. Nf3 Nc6 3. Bc4 g6 4. O-O Bg7 5. Nc3 d6 6. h3 Nf6 7. d3 O-O 8. Bg5 h6 9. Be3 Na5 10. Bb3 Nxb3 11. axb3 a6 12. Qd2 Kh7 13. d4 exd4 14. Nxd4 Re8 15. f3 d5 16. Rad1 c5 17. Nde2 d4 18. Bf2 Be6 19. Na2 a5 20. Nac1 b6 21. Nd3 Nh5 22. Ndf4 Nxf4 23. Nxf4 Qe7 24. Qd3 a4 25. bxa4 Rxa4 26. b3 Ra2 27. Rd2 Rea8 28. Qb5 R8a6 29. Re1 Bd7 30. Qd3 Qe8 31. e5 Bf5 32. Qc4 Kg8 33. e6 fxe6 34. g4 b5 35. Qxc5 Rc6 36. Qxb5 Raxc2 37. Rxc2 Bxc2 38. Nxe6 d3 39. Nxg7 Qd7 40. Be3 d2 41. Bxd2 Qxd2 42. Rf1 Rd6 43. Qb8+ Kxg7 44. Qc7+ Rd7 45. Qc4 Qd4+ 46. Qxd4+ Rxd4 47. Rf2 Bxb3 48. Kg2 Bd5 49. Kg3 g5 50. Rb2 Rd3 51. Rf2 Kf6 52. h4 Ke5 53. hxg5 hxg5 54. Re2+ Kd6 55. Rf2 Kc5 56. Rc2+ Kd4 57. Rf2 Ke3 58. Rf1 Rd2 59. Re1+ Re2 60. Rd1 Be6 61. Rd6 Bc4 62. Rg6 Re1 63. Rxg5 Rg1+ 64. Kh2 Kf2 65. Rf5 Bf1 66. g5 Rg2+ 67. Kh1 Kg3 68. g6 Bd3 69. Rg5+ Kxf3 70. Rxg2 1-0


[Site "https://www.chess.com"]

[Event "Titled Tuesday Blitz August 09 Early 2022"]
[White "Janaszak, Dawid"]
[Black "Rios Escobar, Adan"]
[WhiteFideId "1119206"]
[BlackFideId "3403645"]
[WhiteElo "2165"]
[BlackElo "2418"]
[Result "1-0"]
[Round "09"]
[TimeControl "180+1"]
[Date "2022.08.09"]
[WhiteClock "0:00:45"]
[BlackClock "0:00:02"]

1. e4 c5 2. Nc3 d6 3. d4 cxd4 4. Qxd4 Nc6 5. Qd2 g6 6. b3 e5 7. f4 Be6 8. Bb2 Bh6 9. Nb5 Bxf4 10. Qxd6 Nge7 11. Ne2 Qa5+ 12. Nec3 O-O 13. g3 Rfd8 14. Qa3 Bd2+ 15. Kf2 Qb6+ 16. Kg2 a6 17. Nd6 Qe3 18. Bd3 Nd4 19. Rhf1 Nec6 20. Nxb7 Rd7 21. Nc5 Re7 22. Nd5 Qh6 23. Nxe7+ Nxe7 24. Nxe6 Nxe6 25. Qxe7 Ng5 26. h4 Rf8 27. hxg5 Bxg5 28. Qxe5 f6 29. Qd5+ Kg7 30. e5 Qh5 31. exf6+ Kh6 32. Rh1 Bh4 33. Rxh4 g5 34. Rxh5+ Kxh5 35. Rh1+ Kg4 36. Be2# 1-0


[Site "https://www.chess.com"]

[Event "Titled Tuesday Blitz August 09 Early 2022"]
[White "Jaskolka, Tomasz"]
[Black "Pinero Rodriguez, Carlos Jose"]
[WhiteFideId "1170791"]
[BlackFideId "3901726"]
[WhiteElo "2073"]
[BlackElo "2053"]
[Result "1-0"]
[Round "09"]
[TimeControl "180+1"]
[Date "2022.08.09"]
[WhiteClock "0:00:48"]
[BlackClock "0:00:13"]

1. d4 d5 2. Bf4 c6 3. e3 Bf5 4. c4 e6 5. Qb3 Qb6 6. c5 Qxb3 7. axb3 Bxb1 8. Rxb1 Nd7 9. Nf3 Ngf6 10. Bd3 Be7 11. b4 a6 12. Ra1 Rc8 13. Ke2 Nh5 14. g4 Nxf4+ 15. exf4 f6 16. h4 Kf7 17. h5 g6 18. f5 exf5 19. gxf5 g5 20. h6 Bd8 21. Nh2 Bc7 22. Ng4 Bf4 23. Kf3 Rhe8 24. Rhd1 Re7 25. Ra3 Rce8 26. b5 cxb5 27. c6 bxc6 28. Rxa6 Nb8 29. Rb6 Bc7 30. Rb7 Bf4 31. Rb6 Bc7 32. Rb7 Bf4 33. Rxe7+ Rxe7 34. Ra1 Rb7 35. Ra8 Ke7 36. Ne3 Bxe3 37. fxe3 Kd7 38. e4 Kc7 39. e5 fxe5 40. dxe5 Nd7 41. Re8 Nc5 42. Bc2 Rb6 43. f6 Rb8 44. f7 Nd7 45. Bxh7 c5 46. Bf5 Nxe5+ 47. Rxe5 Rf8 48. Bg6 Kd6 49. Re8 Rxf7+ 50. Bxf7 d4 51. h7 c4 52. h8=Q d3 53. Qd4+ Kc6 54. Qd5+ Kb6 55. Rb8+ Ka5 56. Qxb5# 1-0


[Site "https://www.chess.com"]

[Event "Titled Tuesday Blitz August 09 Early 2022"]
[White "Jiganchine, Roman"]
[Black "Buscar, Michael"]
[WhiteFideId "2603667"]
[BlackFideId "2603616"]
[WhiteElo "2294"]
[BlackElo "2010"]
[Result "0-1"]
[Round "09"]
[TimeControl "180+1"]
[Date "2022.08.09"]
[WhiteClock "0:00:08"]
[BlackClock "0:00:12"]

1. Nf3 d5 2. e3 Nf6 3. c4 e6 4. b3 Be7 5. Bb2 O-O 6. Nc3 c6 7. Qc2 Nbd7 8. g4 Nxg4 9. Rg1 Nge5 10. Be2 Nxf3+ 11. Bxf3 Bf6 12. O-O-O Ne5 13. Be2 Ng6 14. f4 d4 15. Ne4 e5 16. Nxf6+ Qxf6 17. fxe5 Qf2 18. Bd3 dxe3 19. dxe3 Qxc2+ 20. Kxc2 Be6 21. Rg3 Rfd8 22. Rdg1 Kf8 23. h4 Nxh4 24. Rxg7 Rxd3 25. Rg8+ Ke7 26. Ba3+ Kd7 27. Kxd3 Rxg8 28. Rxg8 Ng6 29. Ra8 Nxe5+ 30. Ke4 Ng4 31. Rxa7 Kc7 32. Ra8 h5 33. Rh8 Nf6+ 34. Ke5 Ng4+ 35. Kf4 Nf6 36. Rh6 Nd7 37. Rxh5 Nb6 38. Bc5 Nc8 39. Rh8 b6 40. Bf8 c5 41. Rh6 Kd7 42. Rh2 Na7 43. Rd2+ Kc7 44. Bd6+ Kb7 45. Be5 Nc6 46. Bf6 Nb4 47. a3 Nc6 48. Rd6 Na5 49. Rd3 Kc6 50. Bg7 b5 51. cxb5+ Kxb5 52. b4 cxb4 53. axb4 Kxb4 54. Rd4+ Kb5 55. Bf8 Nc6 56. Rd2 Kb6 57. Bd6 Na7 58. Be5 Kc6 59. Bd4 Nb5 60. Rc2+ Kd7 61. Rd2 Ke8 62. Rc2 Nd6 63. Rd2 Nc4 64. Rd1 Nd6 65. Rc1 Kd7 66. Be5 Nc4 67. Bd4 Nd6 68. Be5 Nc4 69. Bd4 Ke7 70. Bc5+ Kf6 71. Bd4+ Ke7 72. Be5 Nb6 73. Bd4 Nd5+ 74. Kg3 Nb4 75. Rb1 Nd5 76. Rb2 Kd7 77. Rb7+ Kc6 78. Rb2 Ne7 79. Kf3 Nf5 80. Kf4 Nxd4 81. exd4 Kd5 82. Rd2 Bd7 83. Ke3 Be6 84. Rf2 Kd6 85. Rf4 Bd5 86. Rf5 Ke6 87. Rg5 Kd6 88. Rh5 Be6 89. Rh6 Kd5 90. Rh5+ Kd6 91. Rc5 Bd5 92. Kf4 Ke6 93. Kg5 Kd6 94. Kf4 Ke6 95. Ra5 Kd6 96. Ra6+ Kd7 97. Ke5 Bc4 98. d5 Bxa6 99. Kf6 Ke8 100. d6 Bb5 101. Ke5 Bd7 102. Kf6 Be6 103. Kg7 Kd7 104. Kf6 Kxd6 0-1


[Site "https://www.chess.com"]

[Event "Titled Tuesday Blitz August 09 Early 2022"]
[White "Kamsky, Gata"]
[Black "Salem, A.R. Saleh"]
[WhiteFideId "2000024"]
[BlackFideId "9301348"]
[WhiteElo "2666"]
[BlackElo "2674"]
[Result "1-0"]
[Round "09"]
[TimeControl "180+1"]
[Date "2022.08.09"]
[WhiteClock "0:00:27"]
[BlackClock "0:00:03"]

1. e4 c6 2. d3 d5 3. Nf3 dxe4 4. dxe4 Qxd1+ 5. Kxd1 Nf6 6. Nfd2 g5 7. a4 g4 8. a5 Be6 9. Nc3 Nbd7 10. Bc4 Bxc4 11. Nxc4 O-O-O 12. Ke2 h5 13. Be3 Kb8 14. Bf4+ Kc8 15. Be3 Kb8 16. Rad1 Bh6 17. e5 Bxe3 18. fxe3 Nh7 19. Ne4 f5 20. Ng3 e6 21. Nxh5 Ng5 22. Nf4 Nc5 23. Rxd8+ Rxd8 24. Nd6 Nd7 25. Nc4 Nc5 26. Nd3 Nce4 27. Nd2 Rh8 28. Nxe4 Nxe4 29. Nf2 Nxf2 30. Kxf2 Rd8 31. h4 gxh3 32. gxh3 Kc7 33. h4 Rh8 34. h5 Kd7 35. Kf3 Ke7 36. e4 Kf7 37. Kf4 fxe4 38. Kxe4 Rd8 39. Rf1+ Ke7 40. Rg1 Kf7 41. h6 Rh8 42. Rg7+ Kf8 43. Rxb7 Rxh6 44. Rxa7 Rh2 45. Kd3 Rh3+ 46. Kc4 Rh2 47. Kb3 Rh5 48. Rb7 1-0


[Site "https://www.chess.com"]

[Event "Titled Tuesday Blitz August 09 Early 2022"]
[White "Karttunen, Mika"]
[Black "Gurevich, Dmitry"]
[WhiteFideId "502081"]
[BlackFideId "2000407"]
[WhiteElo "2343"]
[BlackElo "2506"]
[Result "1/2-1/2"]
[Round "09"]
[TimeControl "180+1"]
[Date "2022.08.09"]
[WhiteClock "0:00:10"]
[BlackClock "0:00:13"]

1. d4 Nf6 2. c4 a6 3. e3 g6 4. Nc3 Bg7 5. Bd3 O-O 6. Nge2 c5 7. d5 b5 8. cxb5 axb5 9. Bxb5 Ba6 10. O-O Qb6 11. a4 Bxb5 12. Nxb5 d6 13. Nec3 Nbd7 14. b3 Ne4 15. Bb2 Nxc3 16. Bxc3 Bxc3 17. Nxc3 Qb4 18. Nb5 Rfc8 19. Rc1 c4 20. bxc4 Rxc4 21. Nd4 Qxa4 22. Qe2 Rxc1 23. Rxc1 Qa2 24. Qb5 Nf6 25. Nc6 Kf8 26. Qb7 Re8 27. Nb4 Qb3 28. Qb5 Nxd5 29. Qxd5 Qxb4 30. g3 Qb2 31. Rd1 h5 32. Qf3 Kg7 33. Qf4 Qf6 34. Qc4 Rb8 35. Rd4 e5 36. Rd1 Rb2 37. Rf1 Qe6 38. Qc3 Rb3 39. Qc2 Rb4 40. Kg2 Qd5+ 41. f3 Rc4 42. Qe2 Qc5 43. Rd1 Rc2 44. Rd2 Rxd2 45. Qxd2 g5 46. h3 Qc6 47. g4 h4 48. Kf2 Qc5 49. Kg2 d5 50. e4 d4 51. Qxg5+ Kh7 52. Qxh4+ Kg8 53. Qd8+ Kg7 54. Qg5+ Kf8 55. Qd8+ Kg7 56. Qg5+ Kh7 57. Qh5+ Kg7 58. Qg5+ 1/2-1/2


[Site "https://www.chess.com"]

[Event "Titled Tuesday Blitz August 09 Early 2022"]
[White "Kaufman, Raymond"]
[Black "Todorovic, Bojan"]
[WhiteFideId "2015056"]
[BlackFideId "917087"]
[WhiteElo "2321"]
[BlackElo "2266"]
[Result "1-0"]
[Round "09"]
[TimeControl "180+1"]
[Date "2022.08.09"]
[WhiteClock "0:00:21"]
[BlackClock "0:00:06"]

1. e4 c5 2. Nc3 Nc6 3. Nf3 e5 4. Bc4 Be7 5. d3 Nf6 6. Ng5 O-O 7. f4 d6 8. O-O Nd4 9. f5 Bd7 10. a4 a6 11. a5 Nc6 12. g4 Nxa5 13. Ba2 c4 14. dxc4 Rc8 15. c5 dxc5 16. Nxf7 Rxf7 17. Bxf7+ Kxf7 18. g5 Bb5 19. Nxb5 Nxe4 20. Qh5+ Kg8 21. f6 Bf8 22. g6 h6 23. fxg7 Bxg7 24. Rf7 Ng5 25. Bxg5 Qxg5+ 26. Qxg5 hxg5 27. Nd6 Rd8 28. Rxa5 Rxd6 29. Rxc5 Rxg6 30. Rxb7 e4 31. Rcc7 Bd4+ 32. Kg2 Rf6 33. Rc8+ Rf8 34. Rxf8+ Kxf8 35. Rb4 1-0


[Site "https://www.chess.com"]